 Dungeon Crawl Stone Soup version 0.21-a0-634-gaf8bc5d (webtiles) character file.

1457 Monsterracer the Ruffian (level 8, -3/124 HPs)
             Began as an Ogre Transmuter on Dec 29, 2017.
             Slain by a hornet (10 damage)
             ... on level 7 of the Dungeon.
             The game lasted 00:14:34 (9046 turns).

Monsterracer the Ruffian (Ogre Transmuter)          Turns: 9046, Time: 00:14:35

Health: -3/124     AC: 24    Str: 22    XL:     8   Next: 76%
Magic:  11/13      EV:  1    Int: 14    God:
Gold:   404        SH:  0    Dex:  9    Spells: 3/14 levels left

rFire    . . .     SeeInvis .     - Unarmed
rCold    . . .     Gourm    .   (no shield)
rNeg     + + +     Faith    .   (armour currently unavailable)
rPois    +         Spirit   .   (helmet currently unavailable)
rElec    .         Reflect  .   (cloak currently unavailable)
rCorr    .         Harm     .   (gloves unavailable)
MR       +....     NoTele   +   (boots unavailable)
Stlth    +.........             k - amulet of rage
HPRegen  0.30/turn              (no ring)
MPRegen  0.13/turn              q - ring of protection from magic {!d}

@: mighty, tree-form, slowed, very slow
A: large, unfitting armour
a: Evoke Berserk Rage


You were on level 7 of the Dungeon.
You were hungry.
You were a tree.
You visited 2 branches of the dungeon, and saw 8 of its levels.

You collected 404 gold pieces.

Inventory:

Missiles
 a - 98 arrows
Armour
 b - a +0 robe (melded)
 x - a +1 cloak (melded)
Jewellery
 k - an amulet of rage (around neck)
 q - a ring of protection from magic (right branch) {!d}
Wands
 o - a wand of digging (19)
 v - a wand of flame (10)
 y - a wand of iceblast (12)
Scrolls
 f - 3 scrolls of remove curse
 g - a scroll of fog
 r - a scroll of fear {!r}
 u - a scroll of teleportation
Potions
 h - a potion of might
 i - a potion of brilliance {unknown}
 j - 2 potions of flight
 l - 2 potions of lignification
 m - a potion of magic {unknown}
 n - 3 potions of mutation {!q}
 t - a potion of heal wounds {unknown}
 z - a potion of haste {unknown}
Books
 c - a book of Changes

   Spells                             Type                      Level
   a - Beastly Appendage              Transmutation                1
   b - Sticks to Snakes               Transmutation                2
   c - Spider Form                    Transmutation/Poison         3
   d - Ice Form                       Ice/Transmutation            4
   e - Blade Hands                    Transmutation                5
 w - a book of Minor Magic

   Spells                             Type                      Level
   a - Magic Dart                     Conjuration                  1
   b - Blink                          Translocation                2
   c - Call Imp                       Summoning                    2
   d - Slow                           Hexes                        2
   e - Conjure Flame                  Conjuration/Fire             3
   f - Mephitic Cloud                 Conjuration/Poison/Air       3
Comestibles
 d - 12 rations


   Skills:
 + Level 6.0 Fighting
 - Level 1.7 Dodging
 * Level 6.6 Unarmed Combat
 - Level 3.5 Spellcasting
 * Level 6.0 Transmutations


You had 3 spell levels left.
You knew the following spells:

 Your Spells              Type           Power        Failure   Level  Hunger
a - Beastly Appendage     Tmut           ###...       1%          1    #......
b - Sticks to Snakes      Tmut           ###.....     2%          2    ##.....
c - Spider Form           Tmut/Pois      ##........   17%         3    ###....
d - Blade Hands           Tmut           ###.......   43%         5    ######.


Dungeon Overview and Level Annotations

Branches:
Dungeon (7/15)             Temple (1/1) D:7

Altars:
Ashenzari
Cheibriados
Dithmenos
Elyvilon
Fedhas
Hepliaklqana
Kikubaaqudgha
Makhleb
Qazlal
Sif Muna
Trog
Uskayaw
Vehumet
Yredelemnul
Zin
The Shining One

Annotations:
D:3 Feta's ghost, amateur MfGl


Innate Abilities, Weirdness & Mutations

You are too large for most types of armour.
((You have tough skin. (AC +1)))


Message History

Your ball python barely misses the hornet.
Your ball python completely misses the hornet.
Your ball python barely misses the hornet.
Your ball python closely misses the hornet.
The hornet stings you!!
You are poisoned.
You feel as though you will be slow longer.
Your ball python barely misses the hornet. x2
You take 18 damage, and have 53/83 hp.
MASSIVE DAMAGE!!
You hit the hornet but do no damage.
The hornet is lightly wounded.
You feel sick. The hornet misses you.
Your ball python bites the hornet but does no damage.
Your ball python misses the hornet.
Your ball python bites the hornet.
Your ball python completely misses the hornet.
The hornet stings you but does no damage.
Your ball python misses the hornet.
Your ball python grabs the hornet.
Your ball python constricts the hornet.
You take 1 damage, and have 52/83 hp.
You closely miss the hornet.
The hornet is moderately wounded.
You feel sick. The hornet stings you!
* * * LOW HITPOINT WARNING * * *
You feel as though you will be slow longer.
Your ball python bites the hornet.
Your ball python bites the hornet but does no damage.
Your ball python constricts the hornet.
The hornet stings you but does no damage.
Your ball python barely misses the hornet.
Your ball python bites the hornet but does no damage.
Your ball python constricts the hornet.
You take 12 damage, and have 40/83 hp.
Unknown command.
You hit the hornet.
The hornet is moderately wounded.
You feel sick. The hornet barely misses you.
Your ball python barely misses the hornet.
Your ball python bites the hornet but does no damage.
Your ball python constricts the hornet.
The hornet stings you!
* * * LOW HITPOINT WARNING * * *
You suddenly lose the ability to move!
Your ball python bites the hornet but does no damage.
You feel sick. The hornet stings you!
* * * LOW HITPOINT WARNING * * *
You are lethally poisoned!
You feel as though you will be slow longer.
Your ball python completely misses the hornet.
Your ball python constricts the hornet.
Your ball python barely misses the hornet.
The hornet stings you.
* * * LOW HITPOINT WARNING * * *
You feel as though you will be slow longer.
You can move again.
You take 30 damage, and have 10/83 hp.
MASSIVE DAMAGE!!
It was a potion of might.
You feel very mighty all of a sudden.
* * * LOW HITPOINT WARNING * * *
You feel sick.
Your ball python bites the hornet but does no damage.
Your ball python constricts the hornet.
The hornet barely misses you.
Your ball python bites the hornet.
Your ball python barely misses the hornet.
Your ball python constricts the hornet.
The hornet misses you.
Your ball python completely misses the hornet.
You take 1 damage, and have 9/83 hp.
It was a potion of curing.
You feel better. The hornet misses you.
Your ball python completely misses the hornet.
Your ball python constricts the hornet.
Your ball python bites the hornet but does no damage.
The hornet closely misses you.
Your ball python barely misses the hornet.
Your ball python constricts the hornet.
You regained 8 hp, and now have 17/83 hp.
You barely miss the hornet.
The hornet is moderately wounded.
The hornet stings you!
* * * LOW HITPOINT WARNING * * *
You feel as though you will be slow longer.
Your ball python bites the hornet but does no damage. x2
Your ball python constricts the hornet.
The hornet stings you.
* * * LOW HITPOINT WARNING * * *
You feel as though you will be slow longer.
Your ball python bites the hornet but does no damage.
You take 13 damage, and have 4/83 hp.
Unknown command.
The hornet stings your ball python.
Your ball python seems to slow down.
Your ball python closely misses the hornet.
Your ball python constricts the hornet.
Your ball python bites the hornet.
The hornet stings your ball python!
Your ball python dies!
Your ball python bites the hornet but does no damage.
Your ball python closely misses the hornet.
Casting: Sticks to Snakes
Confirm with . or Enter, or press ? or * to list all spells.
Okay, then.
You turn into a tree.
Your +1 cloak melds into your body.
Your +0 robe melds into your body.
Your roots penetrate the ground.
The hornet stings you!
You die...

.....(......... ...
###.###.....### )..
#..#≈≈≈≈≈≈≈≈≈# #...
#..#≈#.....#≈#
#.#.####<..≈.......≈.
#.#........≈.......≈.
###.....##...≈...>...≈.
#......(..#..≈...)...≈.
#.....♣......≈.......≈.
#..!.%y.....#≈#.....#≈#
.......S.....#≈≈≈≈≈≈≈≈≈#
###.####.###.###.....###
# #(. #............
##....##..##...#.
.##.##.........
....###.#...##. ##...
#..#..#..


You could see a hornet and a friendly ball python.

Vanquished Creatures
  Sigmund (D:2)
  A sky beast (D:6)
  An ice beast (D:6)
  A centaur (D:5)
  4 bullfrogs
  A howler monkey (D:6)
  2 bullfrog zombies
  A crimson imp (D:6)
  2 hounds (D:6)
  An orc wizard (D:3)
  2 iguanas (D:6)
  Ijyb (D:3)
  2 worker ants (D:4)
  A hound skeleton (D:6)
  9 adders
  A shadow imp (D:5)
  2 oozes
  An adder zombie (D:5)
  An adder skeleton (D:6)
  2 worms
  2 dart slugs
  3 leopard geckos
  15 orcs
  5 giant cockroaches
  4 goblins
  6 hobgoblins
  15 jackals
  10 kobolds
  3 quokkas
  A ball python (D:2)
  7 bats
  11 frilled lizards
  A jackal zombie (D:6)
  A quokka zombie (D:6)
  23 rats
144 creatures vanquished.

Vanquished Creatures (collateral kills)
  Grinder (D:6)
1 creature vanquished.

Grand Total: 145 creatures vanquished

Notes
Turn   | Place    | Note
-------+----------+-------------------------------------------
     0 | D:1      | Monsterracer the Ogre Transmuter began the quest for the Orb.
     0 | D:1      | Reached XP level 1. HP: 19/19 MP: 3/3
   372 | D:1      | Reached XP level 2. HP: 16/28 MP: 3/5
   517 | D:1      | Learned a level 2 spell: Sticks to Snakes
   699 | D:1      | HP: 11/28 [hobgoblin/club (5)]
  1054 | D:1      | Reached XP level 3. HP: 29/35 MP: 6/6
  1270 | D:1      | Learned a level 3 spell: Spider Form
  1828 | D:2      | HP: 18/36 [poisoned by an adder]
  1834 | D:1      | HP: 13/36 [poisoned by an adder]
  1839 | D:1      | HP: 12/36 [poisoned by an adder]
  1846 | D:1      | HP: 10/36 [poisoned by an adder]
  1854 | D:1      | HP: 9/36 [poisoned by an adder]
  2328 | D:2      | Reached XP level 4. HP: 44/44 MP: 3/7
  3082 | D:2      | Noticed Sigmund
  3092 | D:2      | Killed Sigmund
  3092 | D:2      | Reached XP level 5. HP: 41/53 MP: 2/10
  3092 | D:2      | Reached XP level 6. HP: 47/61 MP: 2/11
  3172 | D:2      | Learned a level 5 spell: Blade Hands
  3570 | D:3      | Noticed Ijyb
  3581 | D:3      | Killed Ijyb
  4052 | D:3      | Found a blossoming altar of Fedhas.
  4052 | D:3      | Noticed Feta's ghost (amateur MfGl)
  4171 | D:3      | Found a transporter.
  4191 | D:3      | Found a transporter.
  4985 | D:3      | HP: 30/62 [orc (2)]
  4990 | D:3      | HP: 27/62 [something (3)]
  4995 | D:3      | HP: 14/62 [orc (3)]
  5830 | D:4      | Reached XP level 7. HP: 64/70 MP: 12/12
  5943 | D:5      | Entered Level 5 of the Dungeon
  6035 | D:5      | HP: 28/70 [shadow imp/nerve-wracking pain (14)]
  6374 | D:5      | Reached skill level 5 in Unarmed Combat
  6582 | D:6      | HP: 35/71 [something (5)]
  6818 | D:6      | HP: 35/71 [adder (1)]
  6823 | D:6      | HP: 30/71 [poisoned by an adder]
  6828 | D:6      | HP: 26/71 [poisoned by an adder]
  6833 | D:6      | HP: 24/71 [poisoned by an adder]
  6840 | D:6      | HP: 23/71 [poisoned by an adder]
  6847 | D:6      | HP: 22/71 [poisoned by an adder]
  6855 | D:6      | HP: 22/71 [poisoned by an adder]
  7272 | D:6      | Noticed Grinder
  7277 | D:6      | Paralysed by Grinder for 7 turns
  7296 | D:6      | HP: 33/71 [Grinder (10)]
  7304 | D:6      | Killed Grinder
  7304 | D:6      | Reached skill level 5 in Fighting
  7304 | D:6      | Reached skill level 5 in Transmutations
  7304 | D:6      | Reached XP level 8. HP: 30/80 MP: 11/13
  8626 | D:7      | Found a staircase to the Ecumenical Temple.
  8685 | Temple   | Entered the Ecumenical Temple
  9033 | D:7      | Noticed a hornet
  9039 | D:7      | HP: 40/83 [hornet (11)]
  9040 | D:7      | Paralysed by a hornet for 2 turns
  9041 | D:7      | HP: 15/83 [hornet (10)]
  9044 | D:7      | HP: 4/83 [hornet (6)]
  9046 | D:7      | Slain by a hornet

Vault maps used:
D:1:      dpeg_arrival_leaves_temple_mockup
D:2:      uniq_sigmund
D:3:      gammafunk_wand_slinger, first_ration, st_stairs_13,
          fedhas_altar_fruit_tree, uniq_ijyb
D:4:      wad_crossroads, minmay_rat_hole
D:5:      old_forge, serial_bayou_pond_e
D:6:      kennysheep_nub, uniq_grinder
D:7:      minmay_temple_entry_water_ring, grunt_ogre_cave
Temple:   eino_temple_rhombus

Skill      XL: |  1  2  3  4  5  6  7  8 |
---------------+-------------------------+-----
Unarmed Combat | 3 4 5 6 |  6.6
Transmutations | 2 3 5 6 |  6.0
Fighting       | 2 3 4 5 6 |  6.0
Spellcasting   | 3 |  3.5
Dodging        | |  1.7

Action                   |  1- 3 |  4- 6 |  7- 9 || total
-------------------------+-------+-------+-------++-------
Melee: Unarmed           |   105 |   269 |   215 ||   589
       Kick              |     2 |     9 |       ||    11
       Headbutt          |       |     1 |     4 ||     5
       Punch             |       |     3 |     4 ||     7
 Cast: Beastly Appendage |     7 |     8 |     2 ||    17
       Spider Form       |     1 |     7 |    11 ||    19
       Sticks to Snakes  |     1 |       |     4 ||     5
Evoke: Wand              |       |     2 |       ||     2
  Use: Scroll            |       |       |    13 ||    13
       Potion            |       |       |     3 ||     3
  Eat: Chunk             |     5 |    12 |    11 ||    28
Armor: Robe              |    26 |    41 |    43 ||   110
       Skin              |       |     1 |     4 ||     5
Dodge: Dodged            |    59 |   132 |   117 ||   308

Table legend:
 A = Spawn XP
 B = Non-spawn XP
 C = Spawn XP percentage of total XP
 D = Spawn monster count
 E = Non-spawn monster count
 F = Spawn count percentage of total count
 G = Total turns spent on level
                    A         B        C        D         E        F      G
               +---------+---------+-------+---------+---------+-------+---------
         Total |       0 |    2082 |   0.0 |       0 |     145 |   0.0 |  9046
               +---------+---------+-------+---------+---------+-------+---------
           D:1 |       0 |      37 |   0.0 |       0 |      20 |   0.0 |  2045
           D:2 |       0 |     307 |   0.0 |       0 |      29 |   0.0 |  1257
           D:3 |       0 |     168 |   0.0 |       0 |      32 |   0.0 |  1740
           D:4 |       0 |     115 |   0.0 |       0 |      28 |   0.0 |  1080
           D:5 |       0 |     188 |   0.0 |       0 |       9 |   0.0 |   382
           D:6 |       0 |    1122 |   0.0 |       0 |      24 |   0.0 |  2099
           D:7 |       0 |     145 |   0.0 |       0 |       3 |   0.0 |   196
               +---------+---------+-------+---------+---------+-------+---------

Vault maps used:
D:1:      dpeg_arrival_leaves_temple_mockup
D:2:      uniq_sigmund
D:3:      gammafunk_wand_slinger, first_ration, st_stairs_13,
          fedhas_altar_fruit_tree, uniq_ijyb
D:4:      wad_crossroads, minmay_rat_hole
D:5:      old_forge, serial_bayou_pond_e
D:6:      kennysheep_nub, uniq_grinder
D:7:      minmay_temple_entry_water_ring, grunt_ogre_cave
Temple:   eino_temple_rhombus
